 Dungeon Crawl Stone Soup version 0.32-a0-329-ge6c31236d6 (webtiles) character file.

Game seed: 10412311385933938413

3685 SmokeWeed the Covert (level 9, -1/45 HPs)
             Began as a Spriggan Brigand on Feb 17, 2024.
             Slain by a jelly (3 damage)
             ... on level 5 of the Dungeon.
             The game lasted 00:31:58 (7585 turns).

SmokeWeed the Covert (Spriggan Brigand)             Turns: 7585, Time: 00:31:58

Health: -1/45      AC: -17   Str: 10    XL:     9   Next: 90%
Magic:  14/22      EV: 21    Int: 15    God:
Gold:   290        SH:  0    Dex: 18    Spells: 20/24 levels left

rFire   . . .        a - +2 dagger (freeze)
rCold   . . .        (no shield)
rNeg    . . .        B - +0 robe
rPois   +            (helmet restricted)
rElec   .            c - +0 cloak
rCorr   .            (gloves unavailable)
SInv    +            (boots unavailable)
Will    ++...        (no amulet)
Stlth   ++++         v - ring of poison resistance
HPRegen 0.27/turn    D - ring of Goithrov {Will+ Str+3}
MPRegen 0.18/turn

%: no passive effects
@: corroded, invisible, very quick
A: very small, no large weapons, unfitting armour, see invisible, speed 3
a: no special abilities


You were on level 5 of the Dungeon.
You visited 1 branch of the dungeon, and saw 7 of its levels.

You collected 290 gold pieces.

Inventory:

Hand Weapons
 a - a +2 dagger of freezing (weapon)
 i - a +1 short sword of speed
 w - a +2 dagger of venom
 z - a +2 antimagic dagger
 J - a +2 dagger of holy wrath
Missiles
 d - 4 poisoned darts
Armour
 b - a +0 robe
 c - a +0 cloak (worn)
 B - a +0 robe (worn)
 C - a +2 cloak of willpower
Magical Staves
 o - a staff of death
 y - a staff of cold
Jewellery
 f - a ring of ice
 l - a ring of positive energy
 v - a ring of poison resistance (left hand)
 D - the ring of Goithrov (right hand) {Will+ Str+3}
   (You found it on level 7 of the Dungeon)

   [ring of willpower]

   Str+3:     It affects your strength (+3).
   Will+:     It increases your willpower.
 F - a ring of resist corrosion
 I - an amulet of magic regeneration
Wands
 r - a wand of light (6)
 G - a wand of mindburst (4) (quivered)
Scrolls
 e - a scroll of poison
 h - a scroll of amnesia
 m - a scroll of torment
 p - 4 scrolls of noise
 s - 3 scrolls of immolation
Potions
 g - 2 potions of enlightenment {unknown}
 j - a potion of invisibility
 k - a potion of ambrosia {unknown}
 n - 2 potions of degeneration
 q - 2 potions of berserk rage {unknown}
 t - a potion of resistance {unknown}
 x - a potion of haste {unknown}
 A - 2 potions of curing {unknown}
 E - a potion of cancellation {unknown}
 H - a potion of mutation {unknown}


   Skills:
 + Level 3.9 Fighting
 - Level 7.0 Short Blades
 - Level 2.5 Throwing
 - Level 6.2 Dodging
 - Level 9.2 Stealth
 - Level 8.0 Spellcasting
 - Level 3.0 Conjurations
 - Level 3.1 Air Magic
 - Level 4.2 Alchemy
 - Level 2.1 Evocations


You had 20 spell levels left.
You knew the following spells:

 Your Spells              Type           Power      Damage    Failure   Level
a - Sting                 Conj/Alch      64%        1d7       2%          1
b - Mephitic Cloud        Conj/Alch/Air  16%        N/A       9%          3

Your spell library contained the following spells:

 Spells                   Type           Power      Damage    Failure   Level
 Mercury Vapours          Alch/Air       34%        N/A       4%          2
 Olgreb's Toxic Radiance  Alch           18%        N/A       22%         4
 Gell's Gravitas          Tloc           6%         N/A       34%         3
 Teleport Other           Tloc           6%         N/A       34%         3
 Freezing Cloud           Conj/Ice/Air   6%         6-21      80%         5
 Dispersal                Tloc           3%         N/A       100%        6


Dungeon Overview and Level Annotations

Branches:
Dungeon (7/15)
 Temple: D:4-7

Altars:
Cheibriados
Kikubaaqudgha
Qazlal
Ru
Zin

Shops:
D:2 *

Annotations:
D:4 2 transporters


Innate Abilities, Weirdness & Mutations

You are very small and have problems with some larger weapons.
You are too small for most types of armour.
You have supernaturally acute eyesight. (SInv)
You cover ground extremely quickly. (Speed+++)


Message History

You hit the jelly. You freeze the jelly.
Your hands burn!
The jelly is heavily wounded.
The jelly misses you.
You hit the jelly but do no damage.
Your hands burn!
The jelly is heavily wounded.
The jelly misses you.
You hit the jelly. You freeze the jelly.
Your hands burn!
The jelly is severely wounded.
The jelly barely misses you.
You hit the jelly but do no damage. The acid corrodes you!
Your hands burn!
The jelly is severely wounded.
You hit the jelly but do no damage.
Your hands burn!
The jelly is severely wounded.
The jelly barely misses you.
You hit the jelly but do no damage.
Your hands burn!
The jelly is severely wounded.
The jelly completely misses you.
You hit the jelly but do no damage. The acid corrodes you!
Your hands burn!
The jelly is severely wounded.
You hit the jelly but do no damage.
Your hands burn!
The jelly is severely wounded.
The jelly completely misses you.
You hit the jelly but do no damage.
Your hands burn!
* * * LOW HITPOINT WARNING * * *
The jelly is severely wounded.
The jelly completely misses you.
You hit the jelly. You freeze the jelly.
Your hands burn!
* * * LOW HITPOINT WARNING * * *
The jelly is almost dead.
You hit the jelly but do no damage.
Your hands burn!
* * * LOW HITPOINT WARNING * * *
The jelly is almost dead.
The jelly completely misses you.
You hit the jelly but do no damage.
Your hands burn!
* * * LOW HITPOINT WARNING * * *
The jelly is almost dead.
You barely miss the jelly.
The jelly is almost dead.
The jelly hits you.
You die...

#. . ### .## ... (.# ..#
#.# ..# #.# ..# #.# ..#
#@# ... #.# #J# ##..##
#.#### #.# #.... [.>..#
#.# #).. .....###### #.#
#.)♣ ... ...[.[....# #.#
#..♣♣♣♣♣♣♣..# .[..<####.#
##(###..♣♣.......# ...[.#
#.#####...)J..♣♣.......##
#..###
#......#.###)O♣♣..≈≈≈≈...


You could see a jelly.

Vanquished Creatures
  A wyvern (D:7)
  4 yaks (D:7)
  2 steam dragons
  A water moccasin (D:7)
  3 ice beasts (D:7)
  2 sky beasts
  A black bear (D:6)
  An ogre (D:6)
  A phantom (D:6)
  2 bullfrogs (D:7)
  2 wyvern zombies (D:6)
  A gnoll sergeant (D:6)
  2 scorpions (D:6)
  A wight (D:6)
  A water moccasin zombie (D:6)
  A wyvern skeleton (D:6)
  A water moccasin skeleton (D:6)
  A howler monkey (D:6)
  A centaur zombie (D:6)
  4 bombardier beetles
  A human zombie (D:6)
  2 jellies
  5 orc priests
  Crazy Yiuf (D:3)
  2 gnoll boudas
  A bullfrog skeleton (D:6)
  A sleepcap (D:7)
  3 iguanas
  9 orc wizards
  2 killer bee zombies (D:6)
  A howler monkey zombie (D:6)
  7 adders
  9 gnolls
  A river rat (D:6)
  2 shadow imps
  A white imp (D:6)
  A dart slug (D:3)
  16 orcs
  5 ball pythons
  3 bats
  2 endoplasms
  3 giant cockroaches
  5 goblins
  4 hobgoblins
  4 quokkas
  2 frilled lizards (D:3)
  5 kobolds
  8 rats
139 creatures vanquished.

Notes
Turn   | Place    | Note
-------+----------+-------------------------------------------
     0 | D:1      | SmokeWeed the Spriggan Brigand began the quest for the Orb.
     0 | D:1      | Reached XP level 1. HP: 10/10 MP: 2/2
    11 | D:1      | Reached skill level 6 in Stealth
   385 | D:1      | Reached XP level 2. HP: 14/14 MP: 3/3
   728 | D:2      | Found Lilimul's Assorted Antiques.
   954 | D:2      | Reached skill level 7 in Stealth
  1113 | D:2      | Reached XP level 3. HP: 17/18 MP: 4/4
  1484 | D:3      | Found a snail-covered altar of Cheibriados.
  1775 | D:3      | Reached skill level 8 in Stealth
  1945 | D:3      | Reached XP level 4. HP: 22/22 MP: 1/5
  2492 | D:3      | Found a runed translucent door.
  2493 | D:3      | Noticed Crazy Yiuf
  2507 | D:3      | Killed Crazy Yiuf
  2768 | D:4      | Reached XP level 5. HP: 25/25 MP: 6/6
  3070 | D:4      | Learned a level 1 spell: Sting
  3122 | D:4      | Reached skill level 1 in Spellcasting
  3122 | D:4      | Reached skill level 1 in Alchemy
  3237 | D:4      | Reached skill level 5 in Dodging
  3298 | D:4      | Found a transporter.
  3351 | D:4      | Noticed an orc warrior
  3840 | D:4      | Found a transporter.
  3847 | D:4      | Found a glowing silver altar of Zin.
  3909 | D:4      | Reached XP level 6. HP: 27/30 MP: 9/9
  3927 | D:4      | Reached skill level 1 in Conjurations
  4186 | D:4      | You fall into a shaft and drop 3 floors!
  4197 | D:7      | Noticed a yak
  4197 | D:7      | Noticed a yak
  4197 | D:7      | Noticed a yak
  4199 | D:7      | Noticed a yak
  4214 | D:7      | Killed a yak
  4231 | D:7      | Killed a yak
  4232 | D:7      | Reached XP level 7. HP: 34/34 MP: 4/12
  4238 | D:7      | Killed a yak
  4254 | D:7      | Killed a yak
  4255 | D:7      | Reached skill level 1 in Evocations
  4537 | D:7      | Reached XP level 8. HP: 39/39 MP: 7/14
  4619 | D:7      | Learned a level 3 spell: Mephitic Cloud
  4791 | D:7      | Reached skill level 1 in Air Magic
  5069 | D:7      | Reached skill level 9 in Stealth
  5349 | D:7      | Identified the ring of Goithrov {Will+ Str+3}
  5617 | D:7      | HP: 1/39 [burnt (5)]
  5882 | D:6      | Reached skill level 5 in Spellcasting
  5887 | D:6      | Reached XP level 9. HP: 43/43 MP: 11/17
  6734 | D:6      | Found an ancient bone altar of Kikubaaqudgha.
  6741 | D:6      | Reached skill level 5 in Short Blades
  7033 | D:6      | Found a sacrificial altar of Ru.
  7170 | D:5      | Entered Level 5 of the Dungeon
  7515 | D:5      | Found a stormy altar of Qazlal.
  7584 | D:5      | HP: 2/45 [acid (4)]
  7585 | D:5      | Slain by a jelly

Illustrated notes

Levels and vault maps discovered:
D:1:      minmay_arrival_diagonal_passages, layout_rooms, serial_rivers,
          chequers_serial_rivers_small_3, chequers_serial_rivers_micro_b,
          chequers_serial_rivers_room_b, chequers_serial_rivers_large_b,
          chequers_serial_rivers_micro_c
D:2:      layout_basic, serial_shops, nicolae_shop_tiny_statue_garden
D:3:      layout_basic, kennysheep_slug_shrine, minmay_misc_feat_enclosed,
          minmay_misc_feat_ornament, minmay_door_square, uniq_crazy_yiuf_cottage
D:4:      layout_layer_cave, gammafunk_temple_overflow_arena,
          minmay_temple_entry_statues_fountains
D:5:      layout_loops_ring, mainiacjoe_overflow_chevrons,
          chequers_temple_overflow_statue_of_worship, amcnicky_altar_gilded
D:6:      layout_rooms, lemuel_mausoleum_altar_kikubaaqudgha,
          portal_sewer_entry_b, minmay_ruined_shrine
D:7:      layout_loops_corners

Skill      XL: |  1  2  3  4  5  6  7  8  9 |
---------------+----------------------------+-----
Stealth        | 6 7 8 9 |  9.2
Dodging        | 2 4 5 6 |  6.2
Spellcasting   | 1 2 3 5 8 |  8.0
Alchemy        | 1 2 3 4 |  4.2
Conjurations   | 1 2 3 |  3.0
Short Blades   | 3 4 7 |  7.0
Fighting       | 2 3 |  3.9
Evocations     | 1 2 |  2.1
Air Magic      | 3 |  3.1
Throwing       | |  2.5

Action                     |  1- 3 |  4- 6 |  7- 9 || total
---------------------------+-------+-------+-------++-------
  Melee: Dagger            |    13 |    21 |   344 ||   378
         Short sword       |    40 |    62 |     7 ||   109
  Throw: Dart              |    19 |    22 |     4 ||    45
   Cast: Sting             |       |     6 |    88 ||    94
         Mephitic Cloud    |       |       |    36 ||    36
  Evoke: Wand              |       |       |     1 ||     1
    Use: Scroll            |       |     9 |     2 ||    11
         Potion            |       |     1 |     4 ||     5
   Stab: Sleeping          |    11 |     3 |    16 ||    30
         Distracted        |     1 |       |       ||     1
         Invisible         |       |     2 |     2 ||     4
         Confused          |       |       |    24 ||    24
 Armour: Robe              |    10 |    18 |    70 ||    98
  Dodge: Dodged            |    16 |    30 |   185 ||   231

Table legend: (Time is in decaauts)
 A = Elapsed time spent in this place.
 B = Non-inter-level travel time spent in this place.
 C = Inter-level travel time spent in this place.
 D = Time resting spent in this place.
 E = Time spent auto-exploring this place.
 F = Levels seen in this place.
 G = Mean time per level.
                   A        B        C        D        E       F      G
               +--------+--------+--------+--------+--------+-----+--------+
         Total |   5564 |   5467 |     97 |   1228 |   2733 |   7 |  794.9 |
       Dungeon |   5564 |   5467 |     97 |   1228 |   2733 |   7 |  794.9 |
               +--------+--------+--------+--------+--------+-----+--------+

Top non-repeatable levels by time:
     D:7: 1272 daAuts
     D:4: 1156 daAuts
     D:6: 1128 daAuts
     D:3: 851 daAuts
     D:2: 478 daAuts
     D:1: 465 daAuts
     D:5: 211 daAuts
